Map: Battle on the Boardwalk LE

Players

Honor - Winner!

  • Race: Zerg Zerg
  • League: Master
  • Spawn Location: 11:00

A.I. 1 (Elite)

  • Race: Terran Terran
  • Spawn Location: 1:00

VOD

Have the link to the VOD?

Description

Time

  • Played on: Dec. 7, 2017, 5:17 a.m.
  • Length: 5:48
Show
View Real Time Build Order
Export as new Build Order

Honor Zerg - Winner!

Build Orders: Pool First 

Get SALT Encoding   

  12  0:01  Drone  
  13  0:13  Overlord  
  13  0:16  Drone  
  14  0:31  Drone x2  
  14  0:35  Drone  
  17  0:45  Spawning Pool  
  17  0:49  Drone  
  17  1:12  Hatchery  
  17  1:15  Drone  
  17  1:18  Extractor  
  17  1:21  Drone  
  17  1:24  Drone  
  18  1:30  Drone  
  19  1:39  Queen  
  21  1:47  Overlord  
  21  1:50  Drone  
  22  2:05  Drone  
  23  2:11  Drone  
  23  2:15  Queen  
  24  2:20  Metabolic Boost  
  26  2:27  Roach Warren  
  26  2:29  Drone  
  26  2:31  Drone  
  27  2:37  Drone x2  
  29  2:44  Drone  
  29  2:47  Drone  
  29  2:49  Overlord  
  31  2:53  Zergling x2  
  31  2:54  Zergling x2  
  33  3:08  Roach x3  
  33  3:10  Overlord  
  39  3:19  Roach  
  41  3:21  Roach  
  41  3:24  Overlord  
  43  3:30  Roach  
  43  3:31  Roach  
  49  3:34  Roach  
  49  3:39  Overlord  
  49  3:42  Zergling x6  
  49  3:47  Roach  
  54  3:57  Roach  
  54  3:59  Overlord  
  54  4:02  Roach  
  58  4:03  Zergling x6  
  61  4:14  Overlord  
  61  4:16  Roach, Zergling x4  
  65  4:32  Roach x2  
  65  4:33  Zergling x4  
  65  4:34  Zergling x6  
  65  4:37  Zergling x2  
  73  4:44  Roach  
  71  4:49  Zergling x2  
  72  4:53  Roach  
  73  5:00  Overlord  
  73  5:02  Roach  
  73  5:03  Zergling x8  
  73  5:04  Zergling x2  
  78  5:17  Overlord  
  78  5:20  Roach  
  80  5:24  Roach  
  80  5:25  Roach  
  83  5:28  Zergling x2  
  83  5:29  Zergling x4  
Show
View Real Time Build Order
Export as new Build Order

A.I. 1 (Elite) Terran 

Build Orders:  

Get SALT Encoding   

  12  0:00  SCV  
  13  0:13  SCV  
  14  0:19  Supply Depot  
  14  0:25  SCV  
  15  0:40  SCV  
  15  0:42  Barracks  
  16  0:52  SCV  
  17  1:04  SCV  
  18  1:16  SCV  
  19  1:21  Command Center  
  19  1:31  Marine  
  20  1:35  Orbital Command  
  20  1:47  Supply Depot  
  20  1:48  Marine  
  20  1:51  Refinery  
  21  2:01  SCV  
  21  2:06  Marine  
  23  2:11  Barracks  
  23  2:13  SCV  
  24  2:17  Refinery  
  24  2:24  Marine  
  24  2:25  SCV  
  26  2:30  Supply Depot  
  26  2:37  SCV  
  27  2:45  Orbital Command  
  27  2:47  Marine  
  27  2:50  SCV  
  29  3:00  Factory  
  29  3:02  SCV  
  29  3:04  Marine  
  31  3:08  Marine  
  31  3:12  SCV  
  33  3:14  SCV  
  34  3:22  Marine  
  34  3:24  SCV  
  34  3:25  Marine  
  34  3:26  SCV  
  38  3:30  Barracks  
  38  3:36  SCV  
  38  3:38  SCV  
  38  3:40  Barracks Tech Lab  
  40  3:46  Starport, Factory Tech Lab, Barracks Tech Lab  
  40  3:49  SCV  
  40  3:51  SCV  
  42  3:58  Marine  
  42  4:01  SCV  
  44  4:03  SCV  
  44  4:04  Combat Shields  
  44  4:05  Marine  
  44  4:07  Supply Depot  
  46  4:13  SCV  
  46  4:15  SCV  
  46  4:16  Marine  
  49  4:17  Marine  
  49  4:22  Marine  
  51  4:24  Medivac  
  51  4:29  SCV x2  
  55  4:33  Marine  
  55  4:34  Supply Depot  
  55  4:35  Marine, Supply Depot  
  54  4:40  Marine  
  47  4:51  Marine  
  48  4:53  Marine  
  48  4:54  Viking  
  48  4:59  Marine  
Tags
 
Add a new tag
Caveats
  • Supply blocks, unpowered buildings, or Contaminate may cause inaccurate times.
  • Supply counts are checked every 10 seconds.